Workbook

Sheet PRESUPUESTO OFICIAL
B2: FORMATO | D2: PROCESO
D3: Proyectos
B4: FONDO DE DESARROLLO LOCAL DE LA CANDELARIA
B7: PRESUPUESTO OFICIAL
B9: OBJETO DEL CONTRATO | D9: REALIZAR LA INTERVENTORÍA TÉCNICA, ADMINISTRATIVA, FINANCIERA, JURÍDICA, AMBIENTAL Y SOCIAL AL CONTRATO DE OBRA PUBLICA RESULTANTE DEL PROCESO DE LICITACION PUBLICA CUYO OBJETO ES: EJECUTAR POR EL SISTEMA DE PRECIOS UNITARIOS FIJOS Y A MONTO AGOTABLE, EL DIAGNOSTICO, LAS OBRAS DE CONSERVACIÓN Y ACCIONES DE MOVILIDAD DE LA MALLA VIAL URBANA LOCAL E INTERMEDIA Y SU ESPACIO PUBLICO ASOCIADO, DE LA LOCALIDAD DE CANDELARIA EN BOGOTA D.C. VIGENCIA 2026
B14: 1 | C14: 1. COSTOS MENSUALES DE PERSONAL
C15: CARGO | D15: CANT | E15: CAT. | F15: DEDICACIÓN MES | M15: CODIGO IDU | N15: TOPE SALARIO (MES) | O15: FM | P15: SALARIO + PRESTACIONES
F16: 1 | G16: 2 | H16: 3 | I16: 4 | J16: 5 | K16: 6 | L16: 7 | N16: C | O16: D | P16: F=A*B*C*D*E
B17: 1.1 | C17: PERSONAL PROFESIONAL (Ingenieros y Otros)
B18: 1.101 | C18: DIRECTOR DE INTERVENTORIA | D18: 1 | E18: 4 | F18: 0.5 | G18: 0.25 | H18: 0.25 | I18: 0.25 | J18: 0.25 | K18: 0.25 | L18: 0.25 | M18: 9110 | N18: =VLOOKUP(M18,PRECIOS!$B$2:$E$167,4,0) -> 9522000 | O18: ='F.M.'!E40 -> 1.99 | P18: =D18*(F18+G18+H18+I18+J18+L18+K18)*N18*O18 -> 37897560
B19: 1.102 | C19: INGENIERO RESIDENTE DE INTERVENTORIA | D19: 1 | E19: 6 | F19: 1 | G19: 1 | H19: 1 | I19: 1 | J19: 1 | K19: 1 | L19: 1 | M19: 9112 | N19: =VLOOKUP(M19,PRECIOS!$B$2:$E$167,4,0) -> 7659000 | O19: =+O18 -> 1.99 | P19: =D19*(F19+G19+H19+I19+J19+L19+K19)*N19*O19 -> 106689870
B20: 1.103 | C20: ESPECIALISTA DE REDES HIDROSANITARIAS | D20: 1 | E20: 6 | F20: 0.4 | G20: 0.3 | H20: 0.2 | I20: 0.2 | J20: 0.2 | K20: 0.1 | L20: 0.1 | M20: 9112 | N20: =VLOOKUP(M20,PRECIOS!$B$2:$E$167,4,0) -> 7659000 | O20: =+O19 -> 1.99 | P20: =D20*(F20+G20+H20+I20+J20+L20+K20)*N20*O20 -> 22862115
B21: 1.104 | C21: ESPECIALISTA EN PRESUPUESTO Y PROGRAMACIÓN | D21: 1 | E21: 6 | F21: 0.4 | G21: 0.3 | H21: 0.2 | I21: 0.2 | J21: 0.2 | K21: 0.1 | L21: 0.1 | M21: 9112 | N21: =VLOOKUP(M21,PRECIOS!$B$2:$E$167,4,0) -> 7659000 | O21: =+O20 -> 1.99 | P21: =D21*(F21+G21+H21+I21+J21+L21+K21)*N21*O21 -> 22862115
B22: 1.105 | C22: ESPECIALISTA EN PAVIMENTOS | D22: 1 | E22: 6 | F22: 0.4 | G22: 0.3 | H22: 0.2 | I22: 0.2 | J22: 0.2 | K22: 0.1 | L22: 0.1 | M22: 9112 | N22: =VLOOKUP(M22,PRECIOS!$B$2:$E$167,4,0) -> 7659000 | O22: =+O21 -> 1.99 | P22: =D22*(F22+G22+H22+I22+J22+L22+K22)*N22*O22 -> 22862115
B23: 1.106 | C23: ESPECIALISTA EN GEOTECNICA Y/O SUELOS | D23: 1 | E23: 6 | F23: 0.4 | G23: 0.3 | H23: 0.2 | I23: 0.2 | J23: 0.2 | K23: 0.1 | L23: 0.1 | M23: 9112 | N23: =VLOOKUP(M23,PRECIOS!$B$2:$E$167,4,0) -> 7659000 | O23: =+O22 -> 1.99 | P23: =D23*(F23+G23+H23+I23+J23+L23+K23)*N23*O23 -> 22862115
B24: 1.107 | C24: ARQUEOLOGO | D24: 1 | E24: 6 | F24: 0.4 | G24: 0.3 | H24: 0.2 | I24: 0.2 | J24: 0.2 | K24: 0.1 | L24: 0.1 | M24: 9112 | N24: =VLOOKUP(M24,PRECIOS!$B$2:$E$167,4,0) -> 7659000 | O24: =+O23 -> 1.99 | P24: =D24*(F24+G24+H24+I24+J24+L24+K24)*N24*O24 -> 22862115
B25: 1.108 | C25: ESPECIALISTA EN TRANSITO | D25: 1 | E25: 6 | F25: 0.3 | G25: 0.2 | H25: 0.2 | I25: 0.2 | J25: 0.2 | K25: 0.1 | L25: 0.1 | M25: 9112 | N25: =VLOOKUP(M25,PRECIOS!$B$2:$E$167,4,0) -> 7659000 | O25: =+O24 -> 1.99 | P25: =D25*(F25+G25+H25+I25+J25+L25+K25)*N25*O25 -> 19813833
B26: 1.109 | C26: RESIDENTE AMBIENTAL Y SST INTERVENTORIA | D26: 1 | E26: 7 | F26: 0.3 | G26: 0.3 | H26: 0.3 | I26: 0.3 | J26: 0.3 | K26: 0.3 | L26: 0.3 | M26: 9113 | N26: =VLOOKUP(M26,PRECIOS!$B$2:$E$167,4,0) -> 5791000 | O26: =+O24 -> 1.99 | P26: =D26*(F26+G26+H26+I26+J26+L26+K26)*N26*O26 -> 24200589
B27: 1.11 | C27: RESIDENTE SOCIAL INTERVENTORIA | D27: 1 | E27: 7 | F27: 0.3 | G27: 0.2 | H27: 0.2 | I27: 0.2 | J27: 0.2 | K27: 0.2 | L27: 0.2 | M27: 9113 | N27: =VLOOKUP(M27,PRECIOS!$B$2:$E$167,4,0) -> 5791000 | O27: =+O26 -> 1.99 | P27: =D27*(F27+G27+H27+I27+J27+L27+K27)*N27*O27 -> 17286135
B28: 1.2 | C28: PERSONAL TÉCNICO Y PERSONAL AUXILIAR
B29: 1.202 | C29: TARIFA MES - PERSONAL TÉCNICO - AUXILIAR DE INGENIERÍA (NO INCLUYE FACTOR DE PRESTACIONES) | D29: 1 | E29: 1 | F29: 0.25 | G29: 0.25 | H29: 0.25 | I29: 0.25 | J29: 0.25 | K29: 0.25 | L29: 0.25 | M29: 9085 | N29: =VLOOKUP(M29,PRECIOS!$B$2:$E$167,4,0) -> 3150000 | O29: =O27 -> 1.99 | P29: =D29*(F29+G29+H29+I29+J29+L29+K29)*N29*O29 -> 10969875
B30: 1.203 | C30: TARIFA MES - PERSONAL AUXILIAR TÉCNICO - CONDUCTOR O MOTORISTA (NO INCLUYE FACTOR DE PRESTACIONES) | D30: 1 | E30: 1 | F30: 0.1 | G30: 0.1 | H30: 0.1 | I30: 0.1 | J30: 0.1 | K30: 0.1 | L30: 0.1 | M30: 9105 | N30: =VLOOKUP(M30,PRECIOS!$B$2:$E$167,4,0) -> 1750905 | O30: =+O29 -> 1.99 | P30: =ROUND(D30*(F30+G30+H30+I30+J30+L30+K30)*N30*O30,0) -> 2439011
B31: 1.204 | C31: TARIFA MES - PERSONAL TÉCNICO - TOPÓGRAFO INSPECTOR (NO INCLUYE FACTOR DE PRESTACIONES) | D31: 1 | E31: 1 | F31: 0.15 | G31: 0.15 | H31: 0.15 | I31: 0.15 | J31: 0.15 | K31: 0.15 | L31: 0.15 | M31: 9088 | N31: =VLOOKUP(M31,PRECIOS!$B$2:$E$167,4,0) -> 3736000 | O31: =+O30 -> 1.99 | P31: =D31*(F31+G31+H31+I31+J31+L31+K31)*N31*O31 -> 7806372
B32: 1.205 | C32: TARIFA MES - PERSONAL AUXILIAR TÉCNICO - CADENERO 1 (NO INCLUYE FACTOR DE PRESTACIONES) | D32: 1 | E32: 1 | F32: 0.15 | G32: 0.15 | H32: 0.15 | I32: 0.15 | J32: 0.15 | K32: 0.15 | L32: 0.15 | M32: 9098 | N32: =VLOOKUP(M32,PRECIOS!$B$2:$E$167,4,0) -> 2316000 | O32: =+O31 -> 1.99 | P32: =D32*(F32+G32+H32+I32+J32+L32+K32)*N32*O32 -> 4839282
B33: SUBTOTAL A - COSTOS MENSUALES DE PERSONAL | P33: =SUM(P18:P32) -> 346253102
B35: 2 | C35: 2. GASTOS OPERACIONALES MENSUALES | D35: CANT. | E35: UND | F35: DEDICACIÓN | M35: CODIGO | N35: DEDICACIÓN X ÁREA (M2) | P35: VALOR ($)
F36: 1 | G36: 2 | H36: 3 | I36: 4 | J36: 5 | K36: 6 | L36: 7
B37: 2.1 | C37: TARIFA MES - EQUIPO DE TOPOGRAFÍA. INCLUYE TRÁNSITO, NIVEL Y ELEMENTOS COMPLEMENTARIOS | D37: 1 | E37: MES | F37: 0.5 | G37: 0.5 | H37: 0.5 | I37: 0.1 | J37: 0.1 | K37: 0.1 | L37: 0.1 | M37: 13418 | N37: N/A | O37: 1673189.3 | P37: =ROUND(D37*(F37+G37+H37+I37+J37+L37+K37)*O37,0) -> 3179060
B38: 2.2 | C38: TARIFA MES - ALQUILER DE VEHICULO: CAMPERO, PICK-UP, CAMIONETA, CAMION O SIMILAR DE 1300cc A 2000cc DE CILINDRADA, MODELO 2014 A 2011. 75% DE LA TARIFA ESTABLECIDA. INCLUYE TODOS LOS COSTOS DE OPERACIÓN Y MANTENIMIENTO EXCEPTO EL SALARIO DEL CONDUCTOR | D38: 1 | E38: MES | F38: 0.1 | G38: 0.1 | H38: 0.1 | I38: 0.1 | J38: 0.1 | K38: 0.1 | L38: 0.1 | M38: 9456 | N38: N/A | O38: 6583500 | P38: =D38*(F38+G38+H38+I38+J38+L38+K38)*O38 -> 4608450
B39: 2.3 | C39: TARIFA MES - EQUIPO COMPLETO DE LABORATORIO - INTERVENTORIAS | D39: 1 | E39: MES | F39: 0.1 | G39: 0.1 | H39: 0.1 | I39: 0.1 | J39: 0.1 | K39: 0.1 | L39: 0.1 | M39: 9119 | N39: N/A | O39: 13668000 | P39: =D39*(F39+G39+H39+I39+J39+L39+K39)*O39 -> 9567600
B40: 2.4 | C40: TARIFA MES - EDICIÓN DE INFORME MENSUAL DE INTERVENTORÍA O CONSULTORÍA. Incluye 4 tapas plastificadas tamaño carta color blanco, con 6 tornillos, hojas de papel bond tamaño carta 75 gramos, 170 folios | D40: 1 | E40: UN/MES | F40: 1 | G40: 1 | H40: 1 | I40: 1 | J40: 1 | K40: 1 | L40: 1 | M40: 9840 | N40: N/A | O40: 264000 | P40: =D40*(F40+G40+H40+I40+J40+L40+K40)*O40 -> 1848000
B41: 2.5 | C41: TARIFA MES - ARRIENDO OFICINA INCL. ADMINISTRACIÓN, SERVICIOS PÚBLICOS, COMUNICACIONES | D41: 1 | E41: M2/MES | F41: 0.3 | G41: 0.3 | H41: 0.3 | I41: 0.3 | J41: 0.3 | K41: 0.3 | L41: 0.3 | M41: 9576 | N41: 37.084641 | O41: 55270 | P41: =ROUND(D41*(F41+G41+H41+I41+J41+L41+K41)*O41*N41,0) -> 4304303
B42: 2.6 | C42: TARIFA MES - GASTOS OFICINA (PAPELERIA, FOTOCOPIAS Y OTROS) | D42: 1 | E42: GLB/MS | F42: 0.1 | G42: 0.1 | H42: 0.1 | I42: 0.1 | J42: 0.1 | K42: 0.1 | L42: 0.1 | M42: 9578 | N42: N/A | O42: 1260967 | P42: =ROUND(D42*(F42+G42+H42+I42+J42+L42+K42)*O42,0) -> 882677
B43: SUBTOTAL B - GASTOS OPERACIONALES MENSUALES | P43: =SUM(P37:P42) -> 24390090
B45: SUBTOTAL | P45: =P43+P33 -> 370643192
B47: IVA 19% | P47: =ROUND(P45*0.19,0) -> 70422206
B49: VALOR TOTAL | P49: =+P47+P45 -> 441065398
O50: SMMLV | P50: =+P49/1750905 -> 251.9071

Sheet F.M.
B2: REALIZAR LA INTERVENTORÍA TÉCNICA, ADMINISTRATIVA, FINANCIERA, JURÍDICA, AMBIENTAL Y SOCIAL AL CONTRATO DE OBRA PUBLICA RESULTANTE DEL PROCESO DE LICITACION PUBLICA CUYO OBJETO ES: EJECUTAR POR EL SISTEMA DE PRECIOS UNITARIOS FIJOS Y A MONTO AGOTABLE, EL DIAGNOSTICO, LAS OBRAS DE CONSERVACIÓN Y ACCIONES DE MOVILIDAD DE LA MALLA VIAL URBANA LOCAL E INTERMEDIA Y SU ESPACIO PUBLICO ASOCIADO, DE LA LOCALIDAD DE CANDELARIA EN BOGOTA D.C. VIGENCIA 2026
B4: CÁLCULO DEL FACTOR MULTIPLICADOR PERSONAL
B6: ITEM | C6: DESCRIPCIÓN | D6: % | E6: % ACUMULADO
B7: 1 | C7: PRESTACIONES SOCIALES | E7: =SUM(D7:D13) -> 1.2183333
C8: Salarios | D8: 1
C9: Cesantías | D9: =1/12 -> 0.083333333
C10: Intereses de Cesantías | D10: 0.01
C11: Prima de servicio | D11: =1/12 -> 0.083333333
C12: Vacaciones | D12: =0.5/12 -> 0.041666667
B14: 2 | C14: SEGURIDAD SOCIAL | E14: =SUM(D14:D18) -> 0.265
C15: Pensión | D15: 0.12
C16: Salud | D16: 0.085
C17: A.R.P. | D17: 0.06
B19: 3 | C19: PARAFISCALES | E19: =SUM(D20:D22) -> 0.09
C20: Caja de Compensación | D20: 0.04
C21: I.C.B.F. | D21: 0.03
C22: Sena | D22: 0.02
B24: 4 | C24: COSTOS INDIRECTOS | E24: =SUM(D25:D34) -> 0.22
C25: Gastos directivos no reembolsables | D25: 0.03
C26: Mantenimiento oficina | D26: 0.02
C27: Servicios publicos | D27: 0.03
C28: Personal administrativo | D28: 0.03
C29: Arrendamiento oficina | D29: 0.03
C30: Gastos de oficina (PAPELERIA, FOTOCOPIAS Y OTROS) | D30: 0.01
C31: Gastos legales y bancarios | D31: 0.02
C32: Sistematizacion y administracion | D32: 0.02
C33: seguros- polizas | D33: 0.02
C34: asesoria legal (permanente) | D34: 0.01
B36: 5 | C36: HONORARIOS | E36: 0.2
B38: TOTAL | E38: =SUM(E7:E36) -> 1.9933333
B40: FACTOR MULTIPLICADOR | E40: =ROUND((E38),2) -> 1.99

Sheet PRECIOS
B1: SALARIOS
B2: 6087 | C2: TARIFA JORNAL - PERSONAL DE OBRA - AYUDANTE (INCLUYE FACTOR DE PRESTACIONES) | D2: JR | E2: 97414
B3: 6088 | C3: TARIFA JORNAL - PERSONAL DE OBRA - OFICIAL (INCLUYE FACTOR DE PRESTACIONES) | D3: JR | E3: 121212
B4: 7050 | C4: TARIFA HORA - PERSONAL DE OBRA - OFICIAL (INCLUYE FACTOR DE PRESTACIONES) | D4: HR | E4: 16529
B5: 7057 | C5: TARIFA HORA - PERSONAL DE OBRA - AYUDANTE (INCLUYE FACTOR DE PRESTACIONES) | D5: HR | E5: 13284
B6: 7246 | C6: TARIFA JORNAL - PERSONAL DE OBRA- TÉCNICO ELÉCTRICO (INCLUYE FACTOR DE PRESTACIONES) | D6: JR | E6: 139262
B7: 7247 | C7: TARIFA HORA - PERSONAL DE OBRA- TÉCNICO ELÉCTRICO (INCLUYE FACTOR DE PRESTACIONES) | D7: HR | E7: 18990
B8: 7248 | C8: TARIFA JORNAL - PERSONAL DE OBRA - TECNICO PLOMERO (INCLUYE FACTOR DE PRESTACIONES) | D8: JR | E8: 139262
B9: 7249 | C9: TARIFA HORA - PERSONAL DE OBRA - TECNICO PLOMERO (INCLUYE FACTOR DE PRESTACIONES) | D9: HR | E9: 18990
B10: 7308 | C10: TARIFA MES - SMMLV | D10: MES | E10: 1750905
B11: 7418 | C11: TARIFA MES - AUXILIO DE TRANSPORTE | D11: MES | E11: 249095
B12: 8102 | C12: TARIFA MES OPERADOR EQUIPO (INCLUYE FACTOR DE PRESTACIONES) | D12: MES | E12: 3309125
B13: 8256 | C13: TARIFA JORNAL - PERSONAL DE OBRA - SOLDADOR (INCLUYE FACTOR DE PRESTACIONES) | D13: JR | E13: 121212
... B168: 9456 | C168: TARIFA MES - ALQUILER DE VEHICULO: CAMPERO, PICK-UP, CAMIONETA, CAMION O SIMILAR DE 1300cc A 2000cc DE CILINDRADA, MODELO 2018 A 2015. 75% DE LA TARIFA ESTABLECIDA. INCLUYE TODOS LOS COSTOS DE OPERACIÓN Y MANTENIMIENTO EXCEPTO EL SALARIO DEL CONDUCTOR | D168: MES | E168: 6583500
